 Dungeon Crawl Stone Soup version 0.28-a0-1518-gbe868bca14 (webtiles) character file.

Game seed: 10642668697481025020

95 hashsling the Gusty (level 4, -1/24 HPs)
             Began as a Tengu Air Elementalist on Jan 16, 2022.
             Slain by a sky beast (6 damage)
             ... on level 3 of the Dungeon.
             The game lasted 00:05:11 (2475 turns).

hashsling the Gusty (Tengu Air Elementalist)        Turns: 2475, Time: 00:05:11

Health: -1/24      AC:  3    Str:  8    XL:     4   Next: 65%
Magic:  8/8        EV: 13    Int: 15    God:
Gold:   94         SH:  0    Dex: 15    Spells: 7/8 levels left

rFire   + . .      SeeInvis .   k - +2 spear "Axuoner" {protect, rPois rF+ rC++ Int-2}
rCold   + + .      Faith    .   (no shield)
rNeg    . . .      Spirit   .   a - +1 robe
rPois   +          Reflect  .   (helmet restricted)
rElec   .          Harm     .   (no cloak)
rCorr   .          Rampage  .   (no gloves)
Will    .....                   (boots unavailable)
Stlth   ++........              (no amulet)
HPRegen 0.08/turn               (no ring)
MPRegen 0.11/turn               (no ring)

@: no status effects
A: beak, talons 3
a: no special abilities


You were on level 3 of the Dungeon.
You visited 1 branch of the dungeon, and saw 3 of its levels.

You collected 94 gold pieces.

Inventory:

Hand Weapons
 f - a +1 dagger of holy wrath
 i - a +1 dagger of venom
 k - the +2 spear "Axuoner" (weapon) {protect, rPois rF+ rC++ Int-2}
   (You found it on level 2 of the Dungeon)

   It grants its wielder temporary protection when it strikes (+7 to AC).
   Int:       It affects your intelligence (-2).
   rF:        It protects you from fire.
   rC:        It greatly protects you from cold.
   rPois:     It protects you from poison.
Armour
 a - a +1 robe (worn)
Scrolls
 g - a scroll of brand weapon {unknown}
 h - a scroll of blinking {unknown}
 l - 2 scrolls of identify {unknown}
 m - a scroll of torment {unknown}
 n - a scroll of teleportation {unknown}
 o - a scroll of noise {unknown}
 p - 2 scrolls of fog {unknown}
Potions
 b - a potion of ambrosia {unknown}
 c - 2 potions of attraction {unknown}
 d - 4 potions of heal wounds
 e - 2 potions of curing {unknown}
 j - a potion of berserk rage {unknown}
 q - a potion of resistance {unknown}
 r - 2 potions of mutation {unknown}


   Skills:
 + Level 0.7 Polearms
 + Level 3.0 Dodging
 - Level 2.0 Stealth
 + Level 2.5 Spellcasting
 + Level 2.6 Conjurations
 * Level 5.3 Air Magic


You had 7 spell levels left.
You knew the following spells:

 Your Spells              Type           Power      Damage    Failure   Level
a - Shock                 Conj/Air       52%        1d6       4%          1

Your spell library contained the following spells:

 Spells                   Type           Power      Damage    Failure   Level
 Static Discharge         Conj/Air       13%        N/A       6%          2
 Swiftness                Air            17%        N/A       7%          3
 Airstrike                Air            8%         N/A       24%         4


Dungeon Overview and Level Annotations

Branches:
Dungeon (3/15)

Altars:


Innate Abilities, Weirdness & Mutations

You have a beak for a mouth.
You have claws for feet.


Message History

The sky beast hits you. The sky beast shocks you.
The sky beast barely misses you.
Reach: k) +2 spear "Axuoner" {protect, rPois rF+ rC++ Int-2}
Press: ? - help, Dir - move target, f/p - sky beast
Aim: a sky beast (severely wounded, about 47% to evade the +2 spear "Axuoner")
You barely miss the sky beast.
The sky beast is severely wounded.
The sky beast barely misses you.
Reach: k) +2 spear "Axuoner" {protect, rPois rF+ rC++ Int-2}
Press: ? - help, Dir - move target, f/p - sky beast
Aim: a sky beast (severely wounded, about 47% to evade the +2 spear "Axuoner")
You closely miss the sky beast.
The sky beast is severely wounded.
The sky beast hits you but does no damage.
Reach: k) +2 spear "Axuoner" {protect, rPois rF+ rC++ Int-2}
Press: ? - help, Dir - move target, f/p - sky beast
Aim: a sky beast (severely wounded, about 47% to evade the +2 spear "Axuoner")
You completely miss the sky beast.
The sky beast is severely wounded.
The sky beast flickers out of sight!
Deactivating autopickup; reactivate with Ctrl-A.
Something hits you. Something shocks you.
* * * LOW HITPOINT WARNING * * *
Reach: k) +2 spear "Axuoner" {protect, rPois rF+ rC++ Int-2}
Press: ? - help, Dir - move target You barely miss something.
You peck something. Something hits you but does no damage.
It was a potion of heal wounds.
You feel much better. Something hits you. Something shocks you.
Reach: k) +2 spear "Axuoner" {protect, rPois rF+ rC++ Int-2}
Press: ? - help, Dir - move target You barely miss something.
Your kick misses something. Something hits you. Something shocks you.
* * * LOW HITPOINT WARNING * * *
Reach: k) +2 spear "Axuoner" {protect, rPois rF+ rC++ Int-2}
Press: ? - help, Dir - move target You miss something.
Your kick misses something. Something hits you.
* * * LOW HITPOINT WARNING * * *
Something shocks you.
You die...

..........# #
#.............####
#####.................
##...#.................
##......................
#...................#..)
#.......># ##.....##...
#......{#####......##...
#.....@......>.....#...
#........####.....[.#.#.
#...$.>.## #.........##
#........ ##......####
##....................##
##.......########.(#...
######### ..##### .### #
.#


There were no monsters in sight!

Vanquished Creatures
  3 adders (D:3)
  A worm (D:2)
  A dart slug (D:3)
  5 orcs (D:3)
  5 ball pythons
  8 endoplasms
  A giant cockroach (D:1)
  2 goblins
  2 hobgoblins (D:1)
  6 jackals (D:1)
  2 quokkas
  6 bats
  2 frilled lizards (D:1)
  5 kobolds
  4 rats
53 creatures vanquished.

Notes
Turn   | Place    | Note
-------+----------+-------------------------------------------
     0 | D:1      | hashsling the Tengu Air Elementalist began the quest for
                  | the Orb.
     0 | D:1      | Reached XP level 1. HP: 10/10 MP: 4/4
   225 | D:1      | Reached XP level 2. HP: 15/15 MP: 1/6
   686 | D:1      | Reached XP level 3. HP: 19/19 MP: 3/7
  1487 | D:2      | Identified the +2 spear "Axuoner" {protect, rPois rF+ rC++
                  | Int-2}
  1832 | D:3      | Reached skill level 5 in Air Magic
  1835 | D:3      | Reached XP level 4. HP: 24/24 MP: 1/8
  2425 | D:3      | Noticed a sky beast
  2475 | D:3      | Slain by a sky beast

Illustrated notes

Levels and vault maps discovered:
D:1:      tarquinn_simple_flora_water_d, layout_loops_ring
D:2:      layout_rooms
D:3:      layout_rooms, grunt_ministairs_2

Skill      XL: |  1  2  3  4 |
---------------+-------------+-----
Conjurations   | 2 |  2.6
Air Magic      | 5 |  5.3
Dodging        | 3 |  3.0
Polearms       | |  0.7
Stealth        | |  2.0
Spellcasting   | |  2.5

Action                   |  1- 3 |  4- 6 || total
-------------------------+-------+-------++-------
Melee: Dagger            |    10 |       ||    10
       Peck              |     2 |     2 ||     4
       Kick              |     2 |       ||     2
       Unarmed           |     1 |       ||     1
       Spear             |     2 |    16 ||    18
 Cast: Shock             |    75 |    23 ||    98
  Use: Scroll            |     1 |       ||     1
       Potion            |       |     1 ||     1
 Stab: Sleeping          |     1 |       ||     1
Armor: Robe              |     1 |     2 ||     3
Dodge: Dodged            |    14 |     5 ||    19

Table legend: (Time is in decaauts)
 A = Elapsed time spent in this place.
 B = Non-inter-level travel time spent in this place.
 C = Inter-level travel time spent in this place.
 D = Time resting spent in this place.
 E = Time spent auto-exploring this place.
 F = Levels seen in this place.
 G = Mean time per level.
                   A        B        C        D        E       F      G
               +--------+--------+--------+--------+--------+-----+--------+
         Total |   2474 |   2450 |     24 |      0 |   2164 |   3 |  824.7 |
       Dungeon |   2474 |   2450 |     24 |      0 |   2164 |   3 |  824.7 |
               +--------+--------+--------+--------+--------+-----+--------+

Top non-repeatable levels by time:
     D:1: 1301 daAuts
     D:3: 649 daAuts
     D:2: 523 daAuts
